Map: Ephemeron LE

Players

ViBE

  • Race: Terran Terran
  • League: Master
  • Spawn Location: 11:00

Lamp - Winner!

  • Race: Zerg Zerg
  • League: Master
  • Spawn Location: 5:00

VOD

Have the link to the VOD?

Description

Time

  • Played on: Dec. 26, 2019, 10:29 p.m.
  • Length: 11:18
Show
View Real Time Build Order
Export as new Build Order

ViBE Terran 

Build Orders: 2 Factory, Reaper Expand, Mech 

Get SALT Encoding   

  12  0:00  SCV  
  13  0:12  SCV  
  14  0:18  Supply Depot  
  14  0:24  SCV  
  15  0:39  SCV  
  15  0:40  Barracks  
  16  0:48  Refinery  
  16  0:51  SCV  
  17  1:03  SCV  
  18  1:15  SCV  
  19  1:28  Orbital Command  
  19  1:33  Reaper  
  20  1:45  Command Center  
  20  1:54  SCV  
  20  1:56  Supply Depot  
  21  2:06  SCV  
  22  2:12  Factory  
  22  2:21  SCV, Refinery  
  23  2:27  Barracks Reactor  
  23  2:37  SCV  
  24  2:49  SCV  
  25  2:58  Factory  
  25  3:00  Orbital Command  
  25  3:01  SCV  
  26  3:07  Hellion  
  26  3:08  Hellion  
  26  3:10  Barracks Tech Lab  
  30  3:13  SCV  
  31  3:26  SCV  
  31  3:34  Hellion  
  31  3:35  SCV, Hellion  
  31  3:38  SCV  
  37  3:47  SCV  
  38  3:50  SCV, Supply Depot  
  39  3:57  Infernal Pre-Igniter  
  39  3:58  Cyclone  
  39  3:59  Hellion  
  39  4:01  Hellion  
  46  4:12  SCV x2  
  46  4:13  Supply Depot  
  48  4:24  SCV x2  
  50  4:28  Hellion x2  
  54  4:36  SCV x2, Cyclone  
  59  4:48  SCV x2, Command Center  
  59  4:50  Supply Depot  
  61  5:00  SCV  
  62  5:07  SCV, Hellion x2  
  62  5:12  SCV, Supply Depot  
  68  5:19  SCV  
  68  5:20  Refinery x2  
  69  5:23  Factory  
  69  5:24  SCV  
  69  5:25  Factory, Armory  
  69  5:26  Factory  
  70  5:31  SCV  
  71  5:36  SCV  
  72  5:43  SCV  
  72  5:46  Cyclone  
  72  5:47  Hellion x2  
  80  6:06  Supply Depot  
  80  6:07  Orbital Command  
  80  6:11  Factory Tech Lab x2  
  80  6:12  Factory Reactor, Command Center  
  80  6:14  Hellion x2  
  80  6:17  Mag-Field Accelerator  
  84  6:20  Terran Vehicle And Ship Armor Level 1  
  77  6:45  Cyclone  
  77  6:46  Cyclone x2, Hellion x2  
  90  6:57  Hellion x2  
  94  7:01  SCV x2  
  94  7:02  SCV  
  94  7:08  Hellion x2, Orbital Command  
  101  7:13  SCV x2  
  102  7:21  Supply Depot x3  
  101  7:25  SCV  
  101  7:26  SCV  
  99  7:31  Siege Tank x2  
  99  7:34  Siege Tank  
  104  7:37  Hellion  
  106  8:03  Siege Tank x2  
  100  8:06  Siege Tank  
  82  8:31  SCV  
  83  8:35  Siege Tank x2  
  83  8:36  Supply Depot  
  83  8:37  Supply Depot x2  
  89  8:43  SCV  
  90  8:55  SCV  
  89  9:05  Orbital Command  
  89  9:07  SCV  
  89  9:16  Orbital Command  
  87  9:24  SCV  
  88  9:32  SCV  
  88  9:36  SCV  
  90  9:42  Armory  
  90  9:44  SCV  
  91  9:48  SCV  
  91  9:51  Engineering Bay  
  92  9:56  SCV, Refinery  
  92  9:59  Refinery  
  93  10:01  SCV  
  93  10:02  Refinery  
  93  10:03  SCV  
  93  10:04  Refinery  
  95  10:08  SCV  
  95  10:13  SCV, Thor  
  103  10:15  SCV  
  103  10:18  Thor  
  103  10:20  SCV  
  111  10:25  SCV  
  111  10:27  SCV  
  113  10:32  SCV  
  101  10:39  SCV  
  101  10:40  SCV  
  90  10:44  SCV  
  90  10:48  Missile Turret  
  90  10:49  Missile Turret  
  81  10:51  SCV  
  81  10:52  SCV  
Show
View Real Time Build Order
Export as new Build Order

Lamp Zerg - Winner!

Build Orders: Hatch First 

Get SALT Encoding   

  12  0:01  Drone  
  13  0:12  Overlord  
  13  0:17  Drone  
  14  0:30  Drone x2  
  16  0:36  Drone  
  17  0:52  Hatchery  
  17  0:55  Drone  
  17  0:59  Extractor  
  16  1:11  Spawning Pool  
  16  1:15  Drone  
  16  1:17  Drone  
  17  1:24  Drone  
  18  1:30  Drone  
  19  1:38  Overlord  
  19  1:49  Drone  
  20  1:59  Queen  
  22  2:02  Zergling x2  
  22  2:03  Queen  
  22  2:05  Zergling x2  
  26  2:10  Metabolic Boost  
  26  2:17  Drone x2  
  28  2:23  Drone  
  28  2:29  Drone  
  30  2:45  Drone x3  
  30  2:46  Queen  
  35  2:53  Drone  
  36  3:04  Overlord  
  36  3:06  Hatchery  
  35  3:16  Drone  
  36  3:20  Overlord  
  36  3:22  Queen  
  39  3:27  Drone x5  
  39  3:33  Drone  
  44  3:41  Lair  
  44  3:44  Drone x2  
  44  3:47  Extractor, Drone x3  
  44  3:48  Extractor  
  47  3:55  Overlord x2  
  47  4:00  Queen  
  49  4:09  Drone x2  
  52  4:10  Drone  
  52  4:15  Zergling x12  
  58  4:27  Drone x2, Roach Warren  
  58  4:28  Evolution Chamber  
  58  4:42  Extractor, Drone x2  
  58  4:43  Drone  
  58  4:45  Queen  
  60  4:47  Drone x2  
  64  4:53  Drone  
  64  4:54  Drone  
  64  4:55  Zerg Missile Weapons Level 1  
  64  4:59  Overlord x3  
  66  5:18  Zergling x2  
  66  5:19  Zergling x16  
  75  5:34  Queen  
  77  5:36  Drone x7  
  83  5:44  Drone  
  83  5:45  Drone x2  
  86  5:53  Drone  
  87  6:01  Drone x2  
  89  6:04  Glial Reconstitution  
  89  6:05  Overlord x4  
  89  6:10  Hatchery  
  88  6:13  Queen, Evolution Chamber  
  88  6:16  Extractor x2  
  73  6:44  Roach x17  
  106  6:57  Roach x3  
  106  6:59  Zerg Ground Armor Level 1  
  107  7:17  Ravager x3  
  107  7:18  Ravager x11  
  107  7:20  Overlord  
  107  7:21  Overlord x5  
  119  7:37  Roach x5  
  119  7:39  Overlord x3  
  127  7:51  Roach x6  
  117  8:18  Drone x15  
  127  8:24  Drone  
  128  8:27  Spire  
  110  9:38  Mutalisk x6  
  110  9:39  Mutalisk x9  
  110  9:42  Extractor  
  110  9:43  Hatchery, Mutalisk  
  140  9:46  Extractor  
  140  9:50  Drone  
  140  9:51  Drone x8  
  148  10:10  Drone x4  
  148  10:11  Drone  
  153  10:15  Mutalisk x4  
  161  10:39  Drone x10  
Tags
 
Add a new tag
Caveats
  • Supply blocks, unpowered buildings, or Contaminate may cause inaccurate times.
  • Supply counts are checked every 10 seconds.